AoeStats
← Red Calypso

MegaRandom

508343769Analyzed
4v4 RM · 11d ago on Sep 22, 2026· 17m 47s· 8 players
Game mode
Random Map
Map size
Large (8 player)
Population
200
Speed
Normal
Resources
Standard
Victory
Conquest
Starting age
Dark Age
Ending age
Imperial Age
RankedLock teamsTeams togetherTeam positionsShared explorationLock speedFull tech treeHidden civsTurbo modeCheats
Victory
Defeat
🇦🇷 Britons · Argentina
1411
+16
🇦🇷 Mongols · Argentina
1329
+19
🇦🇷 Romans · Argentina
1328
+19
🇨🇱 Persians · Chile
1293
+20
🇩🇪 Berbers · Germany
1436
-19
🇲🇽 Poles · Mexico
1396
-19
🇦🇹 Vietnamese · Austria
1395
-19
🇧🇴 Japanese · Bolivia
1350
-17
Red Calypso
5:16 Loom
LukasPlanet
7:38 Loom
GG LA LIFE KARIN
OzoneMX2022
monje wololo
4:30 Loom
10:23 Feudal Age
11:03 Double-Bit Axe
11:00 Horse Collar
11:11 Gold Mining
16:14 Wheelbarrow
18:28 Castle Age
16:42 Stone Mining
LVH.Salven
6:52 Loom
9:55 Feudal Age
20:22 Castle Age
LVH.Zoka
6:01 Loom
8:33 Feudal Age
LVH.LaeB
2:40 Loom
11:17 Feudal Age
14:06 Fletching
Connection lost

Rejoining the realm…

Still unreachable

The connection could not be restored.

Session expired

The server has moved on; the page needs a fresh start.